 Dungeon Crawl Stone Soup version 0.25-a0-426-g7d9e569eea (webtiles) character file.

Game seed: 8187797789204915139, levelgen mode: deterministic

3195 Eurus the Thaumaturge (level 9, -9/68 HPs)
             Began as a Mummy Conjurer on Jan 25, 2020.
             Was a Follower of Ashenzari.
             Killed from afar by a steam dragon (16 damage)
             ... with a ball of steam
             ... on level 9 of the Dungeon.
             The game lasted 00:32:09 (9791 turns).

Eurus the Thaumaturge (Mummy Conjurer)              Turns: 9791, Time: 00:32:10

Health: -9/68      AC:  3    Str: 12    XL:     9   Next: 64%
Magic:  22/22      EV: 14    Int: 17    God:    Ashenzari [*.....]
Gold:   495        SH:  0    Dex: 12    Spells: 19/26 levels left

rFire    x . .     SeeInvis +   w - staff of cold (curse)
rCold    + + .     Gourm    .   (no shield)
rNeg     + + +     Faith    .   a - +0 robe
rPois    ∞         Spirit   .   (no helmet)
rElec    .         Reflect  .   (no cloak)
rCorr    .         Harm     .   e - +0 pair of gloves
MR       +....                  (no boots)
Stlth    ++........             h - amulet of Bodal {RegenMP SInv}
HPRegen  0.21/turn              n - +3 ring of slaying
MPRegen  0.43/turn              (no ring)

@: no status effects
A: no food or potions, fire vulnerability, cold resistance 1, negative energy
resistance 3, torment resistance, unbreathing
a: Curse Item, Scrying, Renounce Religion


You were on level 9 of the Dungeon.
You worshipped Ashenzari.
Ashenzari was aware of your devotion.
You were not hungry.

You visited 2 branches of the dungeon, and saw 10 of its levels.

You collected 495 gold pieces.

Inventory:

Hand Weapons
 g - a +4 short sword of venom
Armour
 a - a +0 robe (worn)
 d - a +0 cloak
 e - a +0 pair of gloves (worn)
 m - a scarf of cloud immunity
Magical Staves
 w - a cursed staff of cold (weapon)
Jewellery
 h - the amulet of Bodal (around neck) {RegenMP SInv}
   (You found it on level 4 of the Dungeon)

   [amulet of magic regeneration]

   It increases your magic regeneration.
   It lets you see invisible.
 n - a +3 ring of slaying (left hand)
 s - a +5 amulet of reflection
Wands
 i - a wand of clouds (2)
 o - a wand of digging (9)
Scrolls
 b - 3 scrolls of magic mapping {unknown}
 c - 4 scrolls of identify
 f - 3 scrolls of amnesia {unknown}
 j - 4 scrolls of teleportation {unknown}
 k - 7 scrolls of remove curse
 l - a scroll of immolation {unknown}
 p - a scroll of blinking {unknown}
 q - a scroll of fear {unknown}
 t - a scroll of enchant armour {unknown}
 u - a scroll of noise {unknown}
 v - a scroll of enchant weapon {unknown}


   Skills:
 - Level 5.0 Fighting
 + Level 3.5 Staves
 + Level 4.4 Dodging
 - Level 1.5 Stealth
 + Level 9.2 Spellcasting
 + Level 7.0 Conjurations
 + Level 0.7 Ice Magic
 + Level 0.7 Evocations


You had 19 spell levels left.
You knew the following spells:

 Your Spells              Type           Power        Failure   Level  Hunger
a - Magic Dart            Conj           ####         1%          1    N/A
b - Searing Ray           Conj           ####..       1%          2    N/A
c - Hailstorm             Conj/Ice       ####....     19%         4    N/A

Your spell library contained the following spells:

 Spells                   Type           Power        Failure   Level  Hunger
 Foxfire                  Conj/Fire      ###.         2%          1    N/A
 Conjure Flame            Conj/Fire      ###.....     6%          3    N/A
 Dazzling Flash           Conj/Hex       ###...       6%          3    N/A
 Freeze                   Ice            ###.         7%          1    N/A
 Corona                   Hex            #......      10%         1    N/A
 Ensorcelled Hibernation  Hex/Ice        ##....       12%         2    N/A
 Fulminant Prism          Conj/Hex       ###.......   22%         4    N/A
 Iskenderun's Mystic Bla  Conj/Tloc      ###.....     22%         4    N/A
 Sticky Flame             Conj/Fire      ###.....     22%         4    N/A
 Ozocubu's Armour         Chrm/Ice       ##......     24%         3    N/A
 Confusing Touch          Hex            #.......     28%         3    N/A
 Inner Flame              Hex/Fire       #.......     28%         3    N/A
 Tukima's Dance           Hex            #.......     28%         3    N/A
 Fireball                 Conj/Fire      ###.......   52%         5    N/A
 Summon Ice Beast         Ice/Summ       ##......     61%         4    N/A

Dungeon Overview and Level Annotations

Branches:
Dungeon (9/15)             Temple (1/1) D:6
   Lair: D:8-11         Orc: D:9-12

Altars:
Ashenzari
Cheibriados
Dithmenos
Elyvilon
Fedhas
Gozag
Hepliaklqana
Kikubaaqudgha
Makhleb
Nemelex Xobeh
Okawaru
Qazlal
Ru
Sif Muna
Trog
Uskayaw
Vehumet
Wu Jian
Xom
Yredelemnul
Zin
The Shining One

Shops:
D:5 :

Annotations:
D:7 2 transporters, TimeIsEndless's ghost, novice HuFi
D:8 3 runed translucent doors, anything's ghost, novice OpHu


Innate Abilities, Weirdness & Mutations

You do not eat or drink.
Your flesh is vulnerable to fire.
You are immune to poison.
Your flesh is cold resistant. (rC+)
You are immune to negative energy. (rN+++)
You are immune to unholy pain and torment.
You can survive without breathing.


Message History

Uppercase [Y]es or [N]o only, please.
Keep disrobing?
The ball of steam hits you!! The steam scalds you terribly!
You start removing your armour.
You continue taking off your +0 cloak.
You are engulfed in a cloud of scalding steam.
You continue taking off your +0 cloak.
You are engulfed in a cloud of scalding steam.
You continue taking off your +0 cloak.
The phantom is engulfed in a cloud of scalding steam.
You continue taking off your +0 cloak.
The steam dragon breathes steam at you. The ball of steam hits you!!
The steam scalds you terribly!
* * * LOW HITPOINT WARNING * * *
You finish taking off your +0 cloak.
The steam dragon breathes steam at you. The ball of steam hits you!
The steam scalds you terribly!
* * * LOW HITPOINT WARNING * * *
The steam dragon breathes steam at you. The ball of steam hits you!
The steam scalds you terribly!
You die...

######## #......###
#.D..§§@<############
##.####...†...........
##...##########.#######
#.#..>..# #.# ##...##.#
#.####### ###
##.###.#######.#......
##.## #.# #...........#
##§#.###.#
#######.#.#.#
#§.§D.§..# #.#)#.#


There were no monsters in sight!

Vanquished Creatures
  A hornet (D:7)
  A hippogriff (D:7)
  Sigmund (D:3)
  A water moccasin (D:4)
  A hornet zombie (D:8)
  2 sky beasts
  2 ice beasts
  2 ogres
  3 phantoms
  2 centaurs
  4 bullfrogs
  2 scorpions
  A crimson imp (D:5)
  A bullfrog zombie (D:8)
  An orc priest (D:4)
  2 bullfrog skeletons
  A jelly (D:7)
  4 orc wizards
  5 hounds
  Jessica (D:3)
  Terence (D:2)
  An iguana (D:4)
  6 worker ants
  Natasha (thrice) (D:3)
  A killer bee zombie (D:7)
  A hound zombie (D:5)
  2 hound skeletons
  A howler monkey zombie (D:8)
  16 adders
  A shadow imp (D:8)
  An ooze (D:1)
  An adder zombie (D:6)
  2 worms
  A dart slug (D:3)
  6 leopard geckos
  35 orcs
  2 ball pythons
  8 giant cockroaches
  10 goblins
  11 hobgoblins
  18 jackals
  6 kobolds
  3 quokkas
  4 bats
  4 frilled lizards
  A jackal zombie (D:4)
  7 rats
191 creatures vanquished.

Vanquished Creatures (others)
  A plant (D:8)
1 creature vanquished.

Grand Total: 192 creatures vanquished

Notes
Turn   | Place    | Note
-------+----------+-------------------------------------------
     0 | D:1      | Eurus the Mummy Conjurer began the quest for the Orb.
     0 | D:1      | Reached XP level 1. HP: 13/13 MP: 4/4
   404 | D:1      | Reached skill level 3 in Spellcasting
   404 | D:1      | Reached XP level 2. HP: 18/20 MP: 3/6
   511 | D:1      | Learned a level 2 spell: Searing Ray
   528 | D:1      | Reached skill level 1 in Fighting
  1183 | D:2      | Reached XP level 3. HP: 26/26 MP: 4/7
  1284 | D:2      | Noticed Terence
  1303 | D:2      | Killed Terence
  1509 | D:2      | Reached XP level 4. HP: 33/33 MP: 7/9
  1794 | D:2      | Found a sacrificial altar of Ru.
  1794 | D:2      | Found a hide-covered altar of Uskayaw.
  2547 | D:3      | You fall into a shaft and drop 3 floors!
  2548 | D:6      | Noticed an ice beast
  2552 | D:5      | Entered Level 5 of the Dungeon
  2553 | D:5      | Found Noosab's Book Shop.
  2574 | D:4      | Reached skill level 4 in Spellcasting
  2585 | D:4      | Reached XP level 5. HP: 29/39 MP: 0/11
  2601 | D:4      | Noticed a phantom
  2799 | D:4      | Got a scintillating silver amulet
  2804 | D:4      | Identified the amulet of Bodal {RegenMP SInv} (You found it
                  | on level 4 of the Dungeon)
  2849 | D:4      | Noticed a sky beast
  3182 | D:4      | Found a sparkling altar of Nemelex Xobeh.
  3249 | D:4      | Killed a phantom
  3249 | D:4      | Reached skill level 5 in Spellcasting
  3249 | D:4      | Reached XP level 6. HP: 30/47 MP: 5/13
  3443 | D:3      | Noticed Natasha
  3448 | D:3      | Killed Natasha
  3454 | D:3      | Noticed Jessica
  3461 | D:3      | Killed Jessica
  3535 | D:3      | Noticed Natasha
  3543 | D:3      | Killed Natasha
  3747 | D:3      | Noticed Natasha
  3752 | D:3      | Killed Natasha
  3752 | D:3      | Reached XP level 7. HP: 52/54 MP: 15/15
  3781 | D:3      | Noticed Sigmund
  3963 | D:3      | Killed Sigmund
  3963 | D:3      | Reached skill level 6 in Spellcasting
  3963 | D:3      | Reached skill level 5 in Conjurations
  4727 | D:4      | Reached skill level 5 in Fighting
  4872 | D:4      | Reached XP level 8. HP: 54/62 MP: 18/18
  5268 | D:4      | Reached skill level 7 in Spellcasting
  5685 | D:5      | Got a sparkling ivory ring
  6239 | D:5      | Got a twisted plate armour
  6266 | D:6      | Found a staircase to the Ecumenical Temple.
  6280 | Temple   | Entered the Ecumenical Temple
  6360 | Temple   | Became a worshipper of Ashenzari the Shackled
  6360 | Temple   | Identified the ring of Pilue {*Tele rN+} (You found it on
                  | level 5 of the Dungeon)
  6499 | D:6      | Reached skill level 1 in Staves
  6879 | D:6      | Found a glowing golden altar of the Shining One.
  7260 | D:7      | Found a transporter.
  7264 | D:7      | Noticed TimeIsEndless's ghost (novice HuFi)
  7276 | D:7      | Found a transporter.
  7276 | D:7      | Noticed a moth of wrath
  7302 | D:7      | Noticed a hornet
  7312 | D:7      | Killed a hornet
  7312 | D:7      | Reached skill level 8 in Spellcasting
  7622 | D:7      | Reached * piety under Ashenzari
  7656 | D:7      | Reached XP level 9. HP: 68/68 MP: 21/21
  8296 | D:8      | Found a runed translucent gate.
  8999 | D:8      | Found a runed translucent gate.
  9000 | D:8      | Found a runed translucent gate.
  9000 | D:8      | Noticed an 11-headed hydra
  9001 | D:8      | Noticed anything's ghost (novice OpHu)
  9041 | D:8      | Reached skill level 9 in Spellcasting
  9236 | D:8      | Learned a level 4 spell: Hailstorm
  9640 | D:9      | Identified the cursed +1 broad axe "Quebapa" {vorpal,
                  | Fragile Str+4}
  9755 | D:9      | Found an ornate altar of the Wu Jian Council.
  9755 | D:9      | Found a glowing golden altar of the Shining One.
  9759 | D:9      | Found a bloodstained altar of Trog.
  9759 | D:9      | Found a blossoming altar of Fedhas.
  9791 | D:9      | Killed from afar by a steam dragon

Levels and vault maps discovered:
D:1:      saegor_arrival_simple_e, layout_loops_cross
D:2:      cheibrodos_greedy_goblins, layout_basic,
          amethyst_overflow_temple_binary, first_ration, serial_forest,
          infiniplex_forest_end_double, infiniplex_forest_clump_small,
          infiniplex_forest_lined_ring, infiniplex_forest_clump_curved,
          infiniplex_forest_lined_3, infiniplex_forest_end_1,
          infiniplex_forest_clump_small, infiniplex_forest_lined_2, uniq_terence
D:3:      layout_basic, st_stairs_6, uniq_natasha, uniq_sigmund, uniq_jessica
D:4:      minmay_razor_zed, layout_basic, chequers_decorated_corner,
          minmay_ruined_shrine
D:5:      layout_cave_pools, serial_shops, shop
D:6:      layout_cave_pools, minmay_temple_entry_drinking_statues,
          tso_metal_star
D:7:      layout_loops_ring, gammafunk_ghost_berserking_beasts,
          amethyst_killhole
D:8:      layout_rooms, gammafunk_ghost_hydra_chop
D:9:      layout_loops_ring, grunt_temple_overflow_open
Temple:   compressed_dpeg_circular_temple

Skill      XL: |  1  2  3  4  5  6  7  8  9 |
---------------+----------------------------+-----
Spellcasting   | 3 4 5 6 8 9 |  9.2
Fighting       | 1 2 3 4 5 |  5.0
Conjurations   | 4 5 6 7 |  7.0
Dodging        | 3 4 |  4.4
Staves         | 2 3 |  3.5
Stealth        | |  1.5
Ice Magic      | |  0.7
Evocations     | |  0.7

Action                   |  1- 3 |  4- 6 |  7- 9 || total
-------------------------+-------+-------+-------++-------
Melee: Club              |    20 |       |       ||    20
       Short sword       |    11 |    77 |   145 ||   233
       Staff             |       |       |    13 ||    13
 Cast: Magic Dart        |    42 |    49 |   169 ||   260
       Searing Ray       |     2 |    10 |    33 ||    45
Invok: Curse Item        |       |       |     1 ||     1
  Use: Scroll            |       |     1 |       ||     1
 Stab: Sleeping          |     1 |     2 |     3 ||     6
Armor: Robe              |    13 |    14 |    39 ||    66
Dodge: Dodged            |    23 |    53 |   152 ||   228

Table legend:
 A = Non-vault XP
 B = Vault XP
 C = Vault XP percentage of total XP
 D = Non-vault monster count
 E = Vault monster count
 F = Vault count percentage of total count
                 A         B        C        D         E       F
            +---------+---------+-------+---------+---------+-------
      Total |    3684 |     881 |  19.3 |     161 |      30 |  15.7
            +---------+---------+-------+---------+---------+-------
        D:1 |      39 |       0 |   0.0 |      19 |       0 |   0.0
        D:2 |      30 |      56 |  65.1 |      10 |      11 |  52.4
        D:3 |     220 |     303 |  57.9 |      35 |       5 |  12.5
        D:4 |     487 |     522 |  51.7 |      25 |      14 |  35.9
        D:5 |     374 |       0 |   0.0 |       9 |       0 |   0.0
        D:6 |     345 |       0 |   0.0 |      22 |       0 |   0.0
        D:7 |     971 |       0 |   0.0 |       9 |       0 |   0.0
        D:8 |     891 |       0 |   0.0 |      26 |       0 |   0.0
        D:9 |     327 |       0 |   0.0 |       6 |       0 |   0.0
            +---------+---------+-------+---------+---------+-------
